General information
- name: BNet
- type: Ladder team game (AT/RT)
- host: Battle.net
- saver: sc2no.wc4yes
map: Friends
- players: 8
- length: 34:16
- speed: Fast
- version: 1.26 W3XP
- replay type: Public
» download(259 KB)
Players
team 1 (winner)

»
sc2no.wc4yes (
yellow | 80 APM | 2727 actions | 34:16)
8 Blademaster
3 Wind Walk
2 Critical Strike
1 Bladestorm
2 Mirror Image
» actions
| Assign group hotkey | 150 | |
| Basic commands | 71 | |
| Build / train | 99 | |
| ESC pressed | 4 | |
| Enter build submenu | 33 | |
| Enter hero's abilities submenu | 8 | |
| Give item / drop item | 6 | |
| Right click | 1354 | |
| Select / deselect | 211 | |
| Select group hotkey | 520 | |
| Use ability | 271 | |
2727 total
» units
» upgrades
| Spiked Barricades | 1 | |
| Liquid Fire | 1 | |
| Reinforced Defenses | 1 | |
| Ranged Weapons | 2 | |
5 total
» buildings
| Altar of Storms | 1 | |
| Orc Burrow | 4 | |
| Voodoo Lounge | 1 | |
| War Mill | 1 | |
| Watch Tower | 27 | |
| Stronghold | 2 | |
| Fortress | 2 | |
| Beastiary | 3 | |
41 total
» build order
00:19 Altar of Storms
00:23 Orc Burrow
00:46 Voodoo Lounge
00:59 War Mill
01:42 Orc Burrow
02:12 Watch Tower
02:36 Watch Tower
02:58 Watch Tower
03:21 Watch Tower
03:47 Watch Tower
03:50 Watch Tower
04:19 Stronghold
04:20 Stronghold
04:41 Watch Tower
04:41 Watch Tower
05:50 Watch Tower
05:50 Watch Tower
05:53 Watch Tower
05:54 Watch Tower
06:01 Watch Tower
06:02 Watch Tower
06:48 Fortress
06:48 Fortress
07:59 Beastiary
08:00 Beastiary
08:01 Beastiary
08:04 Orc Burrow
08:04 Orc Burrow
16:30 Watch Tower
16:30 Watch Tower
16:31 Watch Tower
20:11 Watch Tower
20:12 Watch Tower
20:12 Watch Tower
20:13 Watch Tower
20:14 Watch Tower
21:27 Watch Tower
21:28 Watch Tower
23:37 Watch Tower
23:37 Watch Tower
23:38 Watch Tower
» items
| Lesser Clarity Potion | 7 | |
| Healing Salve | 7 | |
| Scroll of Speed | 10 | |
| Sobi Mask | 3 | |
| Mana Stone | 3 | |
| Orb of Lightning | 1 | |
| Robe of the Magi +6 | 1 | |
| Potion of Healing | 1 | |
| Potion of Mana | 1 | |
| Health Stone | 1 | |
| Scourge Bone Chimes | 1 | |
| Inferno Stone | 1 | |
37 total
Legend) (
green | 77 APM | 1594 actions | 20:46)
6 Mountain King
3 Storm Bolt
2 Bash
1 Avatar
» actions
| Assign group hotkey | 30 | |
| Basic commands | 91 | |
| Build / train | 70 | |
| ESC pressed | 6 | |
| Enter build submenu | 16 | |
| Enter hero's abilities submenu | 6 | |
| Give item / drop item | 2 | |
| Right click | 712 | |
| Select / deselect | 295 | |
| Select group hotkey | 271 | |
| Use ability | 95 | |
1594 total
» units
| Peasant | 12 | |
| Footman | 1 | |
| Rifleman | 16 | |
| Mortar Team | 1 | |
30 total
» upgrades
| Armor | 2 | |
| Gunpowder | 2 | |
| Lumber Harvesting | 1 | |
| Masonry | 1 | |
| Fragmentation Shards | 1 | |
7 total
» buildings
| Altar of Kings | 1 | |
| Farm | 7 | |
| Barracks | 1 | |
| Blacksmith | 1 | |
| Scout Tower | 1 | |
| Arcane Vault | 1 | |
| Lumber Mill | 1 | |
| Keep | 1 | |
| Castle | 2 | |
| Workshop | 1 | |
17 total
» build order
00:11 Altar of Kings
00:14 Farm
00:55 Barracks
01:13 Farm
01:40 Blacksmith
01:56 Farm
02:35 Scout Tower
03:39 Farm
05:08 Arcane Vault
05:23 Lumber Mill
06:19 Farm
06:36 Keep
07:14 Farm
08:10 Farm
09:04 Castle
09:06 Workshop
» items
| Healing Salve | 4 | |
| Scroll of Speed | 3 | |
| Lesser Clarity Potion | 4 | |
| Scroll of Regeneration | 2 | |
| Healing Wards | 1 | |
| Scroll of Town Portal | 3 | |
| Orb of Fire | 1 | |
| Potion of Mana | 3 | |
| Potion of Healing | 1 | |
22 total

»
hiliahili (
teal | 69 APM | 1924 actions | 27:58)
3 Far Seer
1 Feral Spirit
2 Chain Lighting
3 Shadow Hunter
1 Hex
2 Healing Wave
» actions
| Assign group hotkey | 87 | |
| Build / train | 48 | |
| Enter build submenu | 23 | |
| Enter hero's abilities submenu | 7 | |
| Remove unit from queue | 2 | |
| Right click | 811 | |
| Select / deselect | 213 | |
| Select group hotkey | 648 | |
| Use ability | 85 | |
1924 total
» units
| Peon | 7 | |
| Grunt | 5 | |
| Raider | 5 | |
| Troll Witch Doctor | 3 | |
| Tauren | 2 | |
22 total
» upgrades
| Armor | 1 | |
| Melee Weapons | 2 | |
| Berserker Strength | 0 | |
| Ensnare | 1 | |
| Pillage | 1 | |
| Shaman Training | 1 | |
| Witch Doctor Training | 1 | |
| Pulverize | 1 | |
8 total
» buildings
| Altar of Storms | 2 | |
| Orc Burrow | 8 | |
| Barracks | 1 | |
| War Mill | 1 | |
| Voodoo Lounge | 2 | |
| Stronghold | 1 | |
| Watch Tower | 2 | |
| Fortress | 1 | |
| Beastiary | 1 | |
| Spirit Lodge | 1 | |
| Tauren Totem | 1 | |
21 total
» build order
00:12 Altar of Storms
00:20 Orc Burrow
00:52 Barracks
01:54 Orc Burrow
02:12 War Mill
02:39 Voodoo Lounge
03:24 Stronghold
04:06 Orc Burrow
04:29 Watch Tower
04:35 Voodoo Lounge
05:39 Orc Burrow
06:18 Fortress
06:45 Beastiary
08:10 Spirit Lodge
08:35 Orc Burrow
08:48 Watch Tower
11:54 Tauren Totem
18:59 Altar of Storms
19:01 Orc Burrow
19:39 Orc Burrow
20:12 Orc Burrow
» items
| Potion of Healing | 2 | |
| Healing Salve | 3 | |
| Scroll of Town Portal | 1 | |
6 total

»
2easy4me (
blue | 77 APM | 2542 actions | 32:57)
5 Shadow Hunter
3 Hex
2 Healing Wave
3 Tauren Chieftain
2 War Stomp
1 Endurance Aura
3 Far Seer
2 Chain Lighting
1 Feral Spirit
» actions
| Assign group hotkey | 43 | |
| Basic commands | 40 | |
| Build / train | 90 | |
| Enter build submenu | 22 | |
| Enter hero's abilities submenu | 11 | |
| Give item / drop item | 5 | |
| Remove unit from queue | 4 | |
| Right click | 1786 | |
| Select / deselect | 353 | |
| Select group hotkey | 42 | |
| Use ability | 146 | |
2542 total
» units
| Peon | 13 | |
| Grunt | 10 | |
| Tauren | 7 | |
| Shaman | 4 | |
34 total
» upgrades
| Berserker Strength | 1 | |
| Melee Weapons | 2 | |
| Shaman Training | 2 | |
| Pulverize | 1 | |
| Reinforced Defenses | 1 | |
7 total
» buildings
| Barracks | 1 | |
| Orc Burrow | 8 | |
| Altar of Storms | 1 | |
| War Mill | 1 | |
| Stronghold | 1 | |
| Watch Tower | 4 | |
| Fortress | 1 | |
| Spirit Lodge | 1 | |
| Tauren Totem | 2 | |
20 total
» build order
00:09 Barracks
00:15 Orc Burrow
00:24 Altar of Storms
01:51 Orc Burrow
03:41 Orc Burrow
03:49 War Mill
05:10 Stronghold
05:31 Watch Tower
08:50 Fortress
10:59 Orc Burrow
11:00 Orc Burrow
11:09 Orc Burrow
11:13 Spirit Lodge
11:19 Tauren Totem
12:10 Tauren Totem
13:29 Watch Tower
13:33 Watch Tower
14:49 Orc Burrow
20:37 Orc Burrow
20:39 Watch Tower
» items
| Scroll of Speed | 5 | |
| Healing Salve | 3 | |
| Lesser Clarity Potion | 9 | |
| Potion of Mana | 6 | |
| Potion of Healing | 4 | |
| Scroll of Town Portal | 1 | |
28 total
team 2 (loser)
Angel-of-Fate4 (
purple | 45 APM | 1556 actions | 34:16)
5 Mountain King
3 Storm Bolt
2 Bash
3 Paladin
1 Holy Light
1 Devotion Aura
1 Divine Shield
» actions
| Assign group hotkey | 12 | |
| Basic commands | 45 | |
| Build / train | 95 | |
| Enter build submenu | 45 | |
| Enter hero's abilities submenu | 8 | |
| Right click | 799 | |
| Select / deselect | 417 | |
| Select group hotkey | 33 | |
| Use ability | 102 | |
1556 total
» units
| Peasant | 25 | |
| Footman | 6 | |
| Gryphon Rider | 13 | |
| Rifleman | 1 | |
| Dragonhawk Rider | 4 | |
| Siege Engine | 3 | |
52 total
» upgrades
| Masonry | 3 | |
| Lumber Harvesting | 1 | |
| Swords | 3 | |
| Storm Hammers | 1 | |
| Animal War Training | 1 | |
| Armor | 3 | |
| Cloud | 1 | |
| Plating | 2 | |
| Gunpowder | 1 | |
16 total
» buildings
| Altar of Kings | 1 | |
| Farm | 12 | |
| Barracks | 1 | |
| Keep | 1 | |
| Lumber Mill | 2 | |
| Scout Tower | 16 | |
| Guard Tower | 12 | |
| Blacksmith | 2 | |
| Arcane Vault | 1 | |
| Castle | 1 | |
| Gryphon Aviary | 2 | |
| Town Hall | 1 | |
| Workshop | 5 | |
57 total
» build order
00:11 Altar of Kings
00:25 Farm
00:40 Barracks
01:04 Farm
01:48 Farm
03:34 Keep
03:52 Lumber Mill
04:00 Scout Tower
04:03 Scout Tower
04:33 Guard Tower
04:38 Scout Tower
04:53 Farm
05:43 Blacksmith
05:44 Guard Tower
05:55 Arcane Vault
07:11 Castle
07:17 Gryphon Aviary
07:21 Gryphon Aviary
07:25 Scout Tower
08:35 Farm
08:36 Guard Tower
08:54 Farm
09:09 Scout Tower
10:50 Guard Tower
11:37 Farm
13:31 Scout Tower
14:21 Guard Tower
14:25 Scout Tower
14:30 Farm
15:01 Guard Tower
18:20 Farm
19:01 Town Hall
19:19 Scout Tower
20:05 Scout Tower
20:16 Guard Tower
20:39 Guard Tower
26:24 Lumber Mill
26:39 Scout Tower
26:40 Scout Tower
26:41 Scout Tower
26:43 Scout Tower
27:37 Guard Tower
27:45 Scout Tower
27:50 Scout Tower
27:53 Scout Tower
28:18 Guard Tower
28:21 Guard Tower
28:24 Guard Tower
28:32 Farm
28:46 Farm
32:02 Workshop
32:04 Workshop
32:06 Workshop
32:08 Workshop
32:42 Workshop
33:19 Farm
33:25 Blacksmith
» items
GaaNja (
red | 57 APM | 1964 actions | 34:16)
2 Keeper of the Grove
1 Entangling Roots
1 Thorns Aura
5 Priestess of the Moon
2 Scout
3 Trueshot Aura
» actions
| Assign group hotkey | 47 | |
| Basic commands | 235 | |
| Build / train | 64 | |
| Enter build submenu | 17 | |
| Enter hero's abilities submenu | 7 | |
| Give item / drop item | 1 | |
| Remove unit from queue | 1 | |
| Right click | 895 | |
| Select / deselect | 330 | |
| Select group hotkey | 230 | |
| Use ability | 137 | |
1964 total
» units
| Wisp | 21 | |
| Dryad | 13 | |
| Druid of the Claw | 3 | |
| Goblin Sapper | 1 | |
| Goblin Zeppelin | 1 | |
39 total
» upgrades
| Abolish Magic | 1 | |
| Druid of the Claw Training | 2 | |
3 total
» buildings
| Altar of Elders | 1 | |
| Moon Well | 5 | |
| Tree of Ages | 1 | |
| Hunter's Hall | 1 | |
| Ancient of Wonders | 1 | |
| Ancient of Lore | 3 | |
| Tree of Eternity | 3 | |
| Tree of Life | 1 | |
16 total
» build order
00:12 Altar of Elders
00:28 Moon Well
01:38 Moon Well
02:22 Tree of Ages
02:36 Hunter's Hall
02:50 Ancient of Wonders
03:26 Moon Well
05:05 Ancient of Lore
05:27 Ancient of Lore
06:06 Ancient of Lore
07:35 Moon Well
07:52 Tree of Eternity
07:52 Tree of Eternity
07:52 Tree of Eternity
10:39 Moon Well
16:28 Tree of Life
» items
| Lesser Clarity Potion | 1 | |
| Potion of Healing | 2 | |
| Potion of Mana | 1 | |
| Scroll of Town Portal | 2 | |
| Staff of Sanctuary | 1 | |
7 total
SishKEH (
orange | 45 APM | 1536 actions | 34:16)
5 Tauren Chieftain
2 Endurance Aura
3 Shockwave
» actions
| Assign group hotkey | 21 | |
| Basic commands | 93 | |
| Build / train | 87 | |
| Enter build submenu | 25 | |
| Enter hero's abilities submenu | 5 | |
| Remove unit from queue | 1 | |
| Right click | 827 | |
| Select / deselect | 348 | |
| Select group hotkey | 55 | |
| Use ability | 74 | |
1536 total
» units
| Peon | 17 | |
| Grunt | 6 | |
| Troll Headhunter/Berserker | 10 | |
| Shaman | 14 | |
| Kodo Beast | 4 | |
| Wind Rider | 7 | |
| Demolisher | 6 | |
64 total
» upgrades
| Ranged Weapons | 3 | |
| Armor | 1 | |
| Shaman Training | 2 | |
| War Drums Damage Increase | 1 | |
| Envenomed Spears | 1 | |
| Berserker Upgrade | 1 | |
| Troll Regeneration | 1 | |
| Burning Oil | 1 | |
11 total
» buildings
| Altar of Storms | 1 | |
| Orc Burrow | 10 | |
| Barracks | 1 | |
| War Mill | 1 | |
| Voodoo Lounge | 1 | |
| Watch Tower | 7 | |
| Stronghold | 1 | |
| Fortress | 1 | |
| Spirit Lodge | 1 | |
| Beastiary | 2 | |
| Great Hall | 1 | |
27 total
» build order
00:07 Altar of Storms
00:25 Orc Burrow
01:10 Barracks
01:20 War Mill
01:45 Orc Burrow
02:27 Orc Burrow
02:50 Voodoo Lounge
03:29 Orc Burrow
03:45 Watch Tower
04:55 Watch Tower
05:31 Stronghold
07:09 Orc Burrow
08:07 Fortress
08:13 Spirit Lodge
10:44 Orc Burrow
12:02 Beastiary
12:09 Beastiary
12:15 Orc Burrow
20:28 Orc Burrow
20:31 Orc Burrow
25:14 Great Hall
25:20 Watch Tower
25:21 Watch Tower
25:22 Watch Tower
28:28 Watch Tower
28:30 Watch Tower
30:59 Orc Burrow
» items
| Healing Salve | 1 | |
| Book of the Dead | 1 | |
| Potion of Healing | 1 | |
3 total
Idontcarewelost (
pink | 66 APM | 2269 actions | 34:16)
5 Warden
3 Fan of Knives
2 Blink
4 Priestess of the Moon
2 Scout
2 Trueshot Aura
2 Keeper of the Grove
1 Thorns Aura
1 Entangling Roots
» actions
| Assign group hotkey | 29 | |
| Basic commands | 355 | |
| Build / train | 101 | |
| ESC pressed | 4 | |
| Enter build submenu | 22 | |
| Enter hero's abilities submenu | 11 | |
| Remove unit from queue | 10 | |
| Right click | 401 | |
| Select / deselect | 429 | |
| Select group hotkey | 734 | |
| Use ability | 173 | |
2269 total
» units
| Wisp | 27 | |
| Archer | 17 | |
| Dryad | 6 | |
| Mountain Giant | 2 | |
| Goblin Zeppelin | 1 | |
53 total
» upgrades
| Strength of the Moon | 3 | |
| Moon Armor | 2 | |
| Ultravision | 2 | |
| Improved Bows | 1 | |
| Abolish Magic | 1 | |
| Strength of the Wild | 1 | |
| Reinforced Hides | 1 | |
| Marksmanship | 1 | |
| Hardened Skin | 1 | |
| Resistant Skin | 1 | |
| Well Spring | 1 | |
15 total
» buildings
| Moon Well | 10 | |
| Altar of Elders | 1 | |
| Ancient of War | 1 | |
| Ancient of Wonders | 2 | |
| Tree of Ages | 1 | |
| Hunter's Hall | 1 | |
| Ancient of Lore | 2 | |
| Tree of Eternity | 1 | |
| Ancient Protector | 12 | |
| Tree of Life | 1 | |
32 total
» build order
00:20 Moon Well
00:34 Altar of Elders
00:48 Ancient of War
01:39 Moon Well
02:23 Moon Well
02:24 Moon Well
02:35 Ancient of Wonders
03:19 Moon Well
05:06 Tree of Ages
05:49 Hunter's Hall
06:44 Ancient of Wonders
08:58 Ancient of Lore
10:17 Ancient of Lore
12:28 Moon Well
12:29 Moon Well
12:33 Moon Well
14:26 Tree of Eternity
16:41 Ancient Protector
16:42 Ancient Protector
16:45 Ancient Protector
25:51 Ancient Protector
25:55 Ancient Protector
31:12 Tree of Life
31:16 Ancient Protector
31:41 Ancient Protector
31:42 Ancient Protector
32:30 Moon Well
32:32 Moon Well
34:10 Ancient Protector
34:10 Ancient Protector
34:11 Ancient Protector
34:12 Ancient Protector
» items
| Scroll of Town Portal | 4 | |
| Scroll of Regeneration | 1 | |
| Orb of Lightning | 1 | |
6 total
Chat log
(00:28 / Allies) hiliahili: harass to rsuh
(00:32 / Allies) sc2no.wc4yes: no
(00:34 / Allies) sc2no.wc4yes: lets cube
(00:42 / Allies) hiliahili: cube?
(00:47 / Allies) sc2no.wc4yes: NOOB
(00:59 / Allies) hiliahili: yes, i am
(01:02 / Allies) hiliahili: what is cube then?
(01:15 / Allies) sc2no.wc4yes: cubing was something that worked in RoC
(01:26 / Allies) sc2no.wc4yes: since the upkeep limit was 40
(01:29 / Allies) sc2no.wc4yes: and tower kilsl gave xp
(01:33 / Allies) sc2no.wc4yes: you could jsut mass twoers in big blocks
(01:35 / All) Legend): i just banged for 5 hours straight i am so sleepy
(01:45 / Allies) sc2no.wc4yes: wot does banged mean
(01:48 / All) SishKEH: cool story
(01:50 / Allies) sc2no.wc4yes: some kind of heroin lingo?
(01:55 / All) Idontcarewelost: u got banged?
(02:00 / All) Legend): 3 black guys
(02:09 / All) Idontcarewelost: lol
(02:32 / Allies) 2easy4me: sigh @ yellow
(02:42 / Allies) 2easy4me: lets harass yellow
(03:09 / Allies) 2easy4me: mk
(03:10 / Allies) 2easy4me: mk
(03:29 / Allies) 2easy4me: tanks yellow.
(03:31 / Allies) Legend): shop teal
(05:36 / Allies) sc2no.wc4yes: all that gum flapping about harassing to rush
(05:41 / Allies) sc2no.wc4yes: and wot do i see
(05:54 / Allies) 2easy4me: a towering techer
(08:17 / Allies) sc2no.wc4yes: lol
(08:38 / Allies) Legend): b up
(09:00 / Allies) Legend): lets rape his burrows
(09:18 / All) GaaNja: yellow nice mh
(09:34 / All) sc2no.wc4yes: lmao you chased my ally from that spot 12 seconds ago
(09:41 / All) sc2no.wc4yes: i do hack but what a moronic time to call it out
(12:40 / Allies) sc2no.wc4yes: back
(12:45 / Allies) sc2no.wc4yes: your shitty tier 1 is impotent and gay
(13:06 / Allies) 2easy4me: B
(13:07 / Allies) 2easy4me: B
(13:15 / Allies) 2easy4me: wtf
(13:16 / Allies) 2easy4me: blue
(13:23 / Allies) 2easy4me: yellow
(13:30 / Allies) sc2no.wc4yes: get those grunttomes away from my town
(13:34 / Allies) sc2no.wc4yes: i dont like the soudn of enemy heros levellign up
(14:07 / Allies) 2easy4me: UNTER
(14:09 / Allies) 2easy4me: COUNTER
(14:11 / Allies) Legend): wards
(14:11 / Allies) Legend): heal
(14:20 / Allies) 2easy4me: gold me
(14:28 / Allies) 2easy4me: we need tot hit red
(14:39 / Allies) 2easy4me: or this
(15:13 / Allies) sc2no.wc4yes: get the mian
(15:14 / Allies) sc2no.wc4yes: gogogo
(16:05 / Allies) sc2no.wc4yes: when i see an orc who doesnt up building armor lose all his burrows
(16:08 / Allies) sc2no.wc4yes: all i can do is scream laughter
(17:14 / All) GaaNja: yellow map hacking noob
(17:25 / All) sc2no.wc4yes: who hacks?
(17:26 / All) sc2no.wc4yes: u?
(17:29 / Allies) hiliahili: yellow
(17:37 / All) GaaNja: bitch i own you 1v1
(17:48 / Allies) 2easy4me: more bats yellow.
(17:52 / All) sc2no.wc4yes: sure after this game
(17:58 / All) Idontcarewelost: there is a noob here is yellow
(18:00 / All) GaaNja: you map hack why would i
(18:07 / All) sc2no.wc4yes: i could host with fog disabled
(18:08 / Allies) Legend): your help was appreciated noobs
(18:09 / All) sc2no.wc4yes: so it woudl be fair
(18:15 / Allies) sc2no.wc4yes: stfu learn what fortified building armor i
(18:18 / Allies) sc2no.wc4yes: playt eh campaign
(18:20 / Allies) hiliahili: why yellow younot helping?
(19:46 / Allies) 2easy4me: wtf yelow
(19:54 / All) sc2no.wc4yes: so are we gonna no fog 1v1?
(20:00 / All) sc2no.wc4yes: or r u 2 scard 2 back up ur trash talk
(20:21 / Allies) 2easy4me: reinforced defenses crapo is stupid yellow
(20:26 / Allies) 2easy4me: waste of monney
(20:31 / Allies) 2easy4me: WHEN YOU"RE ACTUALLY GETTING UNITS
(20:37 / All) Legend): look at this faggot mass towers
(20:42 / All) Legend): gonna remember your name yellow
(20:44 / All) Legend): bye bitch
(20:46 / Allies) sc2no.wc4yes: yeah paying to not lose 10 burrows to 4 volleys is a total waste of money
(20:57 / Allies) 2easy4me: you're stupid
(20:58 / Allies) 2easy4me: nerd
(21:18 / Allies) 2easy4me: 20$ says you solo the archers with bats and dont stick with me
(21:26 / Allies) 2easy4me: considering if you do, we win but ya know w/e
(21:32 / Allies) sc2no.wc4yes: are you retarded
(21:34 / Allies) sc2no.wc4yes: they have 4 armies to our 2
(21:35 / Allies) sc2no.wc4yes: its over
(21:45 / All) Idontcarewelost: help yellow
(22:08 / All) 2easy4me: dumb noob yellow
(22:15 / All) sc2no.wc4yes: I CHALLENGE ANY RT NOOB TO A 1V1
(22:18 / All) Idontcarewelost: lol thats all yellow?
(22:19 / All) sc2no.wc4yes: EASY WIN VS ALL OF U
(22:24 / All) 2easy4me: rofl
(22:31 / All) GaaNja: you suck honestly
(22:37 / All) sc2no.wc4yes: DODGE MORE
(24:23 / All) 2easy4me: lol MORE TOWERS
(24:58 / Allies) hiliahili: 100g pls
(26:04 / Allies) hiliahili: can i have 100g?
(26:06 / Allies) sc2no.wc4yes: I THINK GANGja might actually be tood umb to quickhall back
(26:51 / All) sc2no.wc4yes: LOL
(27:11 / Allies) 2easy4me: shams
(27:39 / All) sc2no.wc4yes: MISSED ME LOL
(27:49 / All) sc2no.wc4yes: ID ODGE UR HAMMER LIKE U DODGE MY 1V1 CHALLENGE
(28:43 / All) GaaNja: map hacker
(28:50 / All) sc2no.wc4yes: COWARD NOOB
(28:59 / All) GaaNja: map hacker
(29:03 / Allies) 2easy4me: ^
(29:09 / All) sc2no.wc4yes: IM A PRO
(29:10 / All) sc2no.wc4yes: IM PRO
(29:13 / All) 2easy4me: no.
(29:16 / All) GaaNja: no your not lol
(29:18 / All) Idontcarewelost: u let all ur team fall
(29:19 / All) sc2no.wc4yes: IM PRO
(29:21 / All) sc2no.wc4yes: PRO IM PRO
(29:22 / All) GaaNja: not even close
(29:24 / All) sc2no.wc4yes: THEY DIDNT DO WHAT I SAID
(29:24 / All) Idontcarewelost: thats why u re alive
(29:28 / All) GaaNja: i beat you already in 2s at
(29:35 / All) Idontcarewelost: didnt help ur allies
(29:36 / All) GaaNja: you are garbage
(29:42 / All) sc2no.wc4yes: I HAVE NEVER LOST 2S AT
(29:45 / All) sc2no.wc4yes: THE FUK ARE YOU TALKING ABOUT
(29:50 / All) GaaNja: wow
(30:16 / All) 2easy4me: nigguhplease
(30:48 / All) sc2no.wc4yes: IN THE FIRST PLACE
(30:50 / All) sc2no.wc4yes: IVE NEVER LOST IN AT
(30:53 / All) sc2no.wc4yes: INT EH SECOND PLACE
(30:55 / All) sc2no.wc4yes: I ONLY AT ON SMURFS
(30:59 / All) sc2no.wc4yes: SO HOW WOULD YOU EVEN KNOW IT WAS ME
(30:59 / All) sc2no.wc4yes: RETARD
(31:54 / All) sc2no.wc4yes: NOOB MAKING UP STORIES BECUASE HES AFRAID TO 1V1
(32:56 / All) Idontcarewelost: lol cloud coming
(33:01 / All) sc2no.wc4yes: #1 CHAMP HERE
(33:02 / All) sc2no.wc4yes: IM PRO
(33:14 / All) sc2no.wc4yes: COWARDSD AFRAID TO 1V1
(33:18 / All) sc2no.wc4yes: NO FAITH IN THEIR ABILITIES
(33:26 / All) Idontcarewelost: its a team game
(33:27 / All) sc2no.wc4yes: IM PRO
(33:28 / All) sc2no.wc4yes: IM PRO
(33:33 / All) Idontcarewelost: yellow didnt understand this
(33:38 / All) sc2no.wc4yes: TEAM DIDNT DO WHAT I SAID
(33:49 / All) Idontcarewelost: u re not the boss
(33:50 / All) sc2no.wc4yes: MY BM STAYS IMMORTAL
(33:53 / All) GaaNja: yellow doesnt understand that he sucks
(33:54 / All) sc2no.wc4yes: IM PRO
(33:57 / All) sc2no.wc4yes: COWARD 1V1 ME
(33:58 / All) sc2no.wc4yes: SCAREd?
(34:09 / All) SishKEH: yes
(34:10 / All) GaaNja: i would but you mh
(34:11 / All) SishKEH: scared
(34:15 / All) sc2no.wc4yes: WEVE BEEN OVER THIS